 Dungeon Crawl Stone Soup version 0.22-a0-467-g5c5de1c (webtiles) character file.

3124 Laiders72 the Blocker (level 10, 0/79 HPs)
             Began as a Formicid Fighter on June 10, 2018.
             Was a Believer of Okawaru.
             Killed from afar by an electric eel (2 damage)
             ... with a bolt of electricity
             ... on level 8 of the Dungeon.
             The game lasted 00:19:57 (7662 turns).

Laiders72 the Blocker (Formicid Fighter)            Turns: 7662, Time: 00:19:58

Health: 0/79       AC: 14    Str: 20    XL:     10   Next: 14%
Magic:  10/10      EV:  8    Int:  9    God:    Okawaru [**....]
Gold:   368        SH: 11    Dex: 13    Spells: 9/9 levels left

rFire    . . .     SeeInvis +   k - +0 dire flail
rCold    . . .     Gourm    .   c - +0 shield
rNeg     . . .     Faith    +   O - +0 plate armour
rPois    .         Spirit   .   (helmet unavailable)
rElec    .         Reflect  .   (no cloak)
rCorr    +         Harm     .   (no gloves)
MR       +....                  M - +0 pair of boots
Stlth    ..........             b - amulet of faith
HPRegen  0.23/turn              h - +2 ring of evasion
MPRegen  0.12/turn              K - ring of resist corrosion

@: no status effects
A: permanent stasis, dig shafts and tunnels, four strong arms, antennae 3
a: Dig, Shaft Self, Heroism, Renounce Religion


You were on level 8 of the Dungeon.
You worshipped Okawaru.
Okawaru was pleased with you.
You were not hungry.

You visited 1 branch of the dungeon, and saw 8 of its levels.

You collected 368 gold pieces.

Inventory:

Hand Weapons
 k - a +0 dire flail (weapon)
 o - a +0 hunting sling
Missiles
 F - 33 sling bullets
Armour
 c - a +0 shield (worn)
 M - a +0 pair of boots (worn)
 O - a +0 plate armour (worn)
Jewellery
 b - an amulet of faith (around neck)
 h - a +2 ring of evasion (left hand)
 z - an uncursed ring of positive energy
 H - an uncursed ring of flight
 J - an uncursed ring of protection from cold
 K - a ring of resist corrosion (right hand)
 N - an uncursed ring of ice
Wands
 p - a wand of digging (10)
 w - a wand of flame (57)
 L - a wand of paralysis (10)
Scrolls
 e - a scroll of enchant weapon {unknown}
 g - a scroll of remove curse
 j - 2 scrolls of magic mapping
 u - 5 scrolls of amnesia
 y - a scroll of fear
 A - a scroll of fog
 B - a scroll of teleportation {unknown}
 D - 5 scrolls of identify
 I - 3 scrolls of immolation {unknown}
Potions
 d - a potion of might
 i - a potion of haste {unknown}
 l - 2 potions of agility
 m - 2 potions of ambrosia {unknown}
 n - 2 potions of cancellation {unknown}
 r - 2 potions of brilliance {unknown}
 s - 2 potions of resistance {unknown}
 t - a potion of lignification {unknown}
 x - 3 potions of curing {unknown}
 C - 4 potions of magic {unknown}
 E - 2 potions of degeneration {unknown}
Comestibles
 f - 21 rations


   Skills:
 + Level 7.5 Fighting
 - Level 8.0 Maces & Flails
 + Level 7.5 Armour
 - Level 9.0 Shields


You had 9 spell levels left.
You didn't know any spells.
Your spell library contained the following spells:

 Spells                   Type           Power        Failure   Level  Hunger
 Cause Fear               Hex            #.........   100%        4    #####..
 Slow                     Hex            #.......     100%        2    ###....
 Spider Form              Tmut/Pois      #.........   100%        3    ####...
 Blade Hands              Tmut           #.........   100%        5    ######.
 Ice Form                 Ice/Tmut       #.......     100%        4    #####..
 Sticks to Snakes         Tmut           #.......     100%        2    ###....
 Corona                   Hex            #......      100%        1    ##.....
 Portal Projectile        Hex/Tloc       #.....       100%        3    ####...
 Leda's Liquefaction      Hex/Erth       #.........   100%        4    #####..
 Inner Flame              Hex/Fire       #.......     100%        3    ####...
 Beastly Appendage        Tmut           #.....       100%        1    ##.....


Dungeon Overview and Level Annotations

Branches:
Dungeon (8/15)             Temple (0/1) D:6
   Lair: D:8-11

Altars:
Cheibriados
Gozag
Kikubaaqudgha
Nemelex Xobeh
Okawaru
Trog

Shops:
D:6 :((=


Innate Abilities, Weirdness & Mutations

You cannot be hasted, slowed, berserked, paralysed or teleported.
You can dig through walls and to a lower floor.
Your four strong arms can wield two-handed weapons with a shield.
You have a pair of large antennae on your head. (SInv)


Message History

The electric eel shoots out a bolt of lightning at you!
The bolt of electricity hits you!
The electric eel shoots out a bolt of lightning at you!
The bolt of electricity hits you!
The electric eel shoots out a bolt of lightning at you!
The bolt of electricity hits you! x2
The bolt of electricity hits the electric eel.
The electric eel completely resists.
You barely miss the electric eel.
The electric eel shoots out a bolt of lightning at you!
The bolt of electricity hits you!
* * * LOW HITPOINT WARNING * * *
The bolt of electricity hits you!
* * * LOW HITPOINT WARNING * * *
You closely miss the electric eel.
The electric eel shoots out a bolt of lightning at you!
The bolt of electricity hits you!
* * * LOW HITPOINT WARNING * * *
The bolt of electricity hits you!
You die...

...............##....
........#...........#.
...###..##...........#
..#...#.###...........
#. #.⌠.#.# ##..........
#≈≈#...#.# #........#
≈≈≈≈###≈.# ##......###
≈≈≈≈≈≈≈..###..[)####
≈≈≈≈≈≈;@.##.....#
≈≈≈≈###;.......##
#≈≈#...#...(...## .
#.⌠.#...)....##
#...#..)......##
..###......##...######
...........####...#....
..........## ##.......
........## #.......


You could see 2 electric eels.

Vanquished Creatures
  3 hungry ghosts
  An orc warrior (D:8)
  A black bear (D:7)
  3 ice beasts
  2 sky beasts
  3 phantoms
  An ogre (D:8)
  2 centaurs (D:7)
  2 big kobolds
  A bullfrog (D:7)
  A wyvern zombie (D:6)
  2 scorpions
  A water moccasin skeleton (D:5)
  6 killer bees (D:7)
  A crimson imp (D:7)
  3 hounds
  6 orc wizards
  3 orc priests
  A centaur skeleton (D:4)
  3 jellies
  Jessica (D:2)
  An iguana (D:7)
  Ijyb (D:3)
  4 worker ants
  A hound zombie (D:6)
  4 adders
  A shadow imp (D:7)
  An ooze (D:3)
  A worm (D:2)
  5 dart slugs
  4 leopard geckos
  31 orcs
  2 ball pythons
  9 bats
  6 giant cockroaches
  5 goblins
  7 hobgoblins
  7 jackals
  19 kobolds
  2 quokkas
  6 frilled lizards
  A jackal skeleton (D:4)
  3 leopard gecko zombies
  A quokka skeleton (D:4)
  6 rats
175 creatures vanquished.

Notes
Turn   | Place    | Note
-------+----------+-------------------------------------------
     0 | D:1      | Laiders72 the Formicid Fighter began the quest for the Orb.
     0 | D:1      | Reached XP level 1. HP: 18/18 MP: 1/1
   108 | D:1      | Reached XP level 2. HP: 21/24 MP: 2/2
   135 | D:1      | Reached skill level 4 in Shields
   331 | D:1      | Reached XP level 3. HP: 22/29 MP: 3/3
   893 | D:2      | Found an opulent altar of Gozag.
   907 | D:2      | Noticed Jessica
   927 | D:2      | Reached XP level 4. HP: 21/37 MP: 4/4
   934 | D:2      | Killed Jessica
  1662 | D:3      | Found a faded altar of an unknown god.
  1663 | D:3      | Noticed Ijyb
  1675 | D:3      | HP: 1/37 [Ijyb/wand of flame (25) (9)]
  1676 | D:3      | Killed Ijyb
  1676 | D:3      | Reached XP level 5. HP: 1/42 MP: 5/5
  2032 | D:3      | Found an ancient bone altar of Kikubaaqudgha.
  2038 | D:3      | Found a snail-covered altar of Cheibriados.
  2105 | D:3      | Found a sparkling altar of Nemelex Xobeh.
  2556 | D:4      | Reached skill level 5 in Shields
  2564 | D:4      | Reached XP level 6. HP: 45/48 MP: 6/6
  2648 | D:4      | Noticed a phantom
  2701 | D:4      | Killed a phantom
  2806 | D:4      | Reached XP level 7. HP: 46/55 MP: 7/7
  2983 | D:4      | Reached skill level 6 in Shields
  3199 | D:5      | Entered Level 5 of the Dungeon
  3657 | D:5      | Reached skill level 5 in Maces & Flails
  3991 | D:5      | Reached XP level 8. HP: 61/61 MP: 8/8
  4447 | D:6      | Reached skill level 5 in Fighting
  4447 | D:6      | Reached skill level 5 in Armour
  4447 | D:6      | Reached skill level 7 in Shields
  4631 | D:6      | Found an iron altar of Okawaru.
  4631 | D:6      | Found a bloodstained altar of Trog.
  4712 | D:6      | Became a worshipper of Warmaster Okawaru
  4795 | D:6      | Found Datadgh's Book Boutique.
  4804 | D:6      | Found Isakedug's Antique Weapon Boutique.
  5171 | D:6      | Found a staircase to the Ecumenical Temple.
  5298 | D:6      | Found Qacutafu's Antique Weapon Boutique.
  5326 | D:6      | Found Utwurot's Jewellery Shop.
  5426 | D:7      | Reached skill level 8 in Shields
  5475 | D:7      | Reached XP level 9. HP: 62/68 MP: 9/9
  5502 | D:7      | Reached * piety under Okawaru
  5757 | D:7      | Reached skill level 9 in Shields
  6855 | D:8      | Reached XP level 10. HP: 18/77 MP: 10/10
  7388 | D:8      | Reached ** piety under Okawaru
  7662 | D:8      | HP: 2/79 [electric eel/bolt of electricity (11)]
  7662 | D:8      | Killed from afar by an electric eel

Vault maps used:
D:1:      kennysheep_arrival_seaside
D:2:      grunt_gozag_statues, uniq_jessica
D:3:      grunt_temple_overflow_open, nemelex_xobeh_ov_fountains_minmay,
          first_ration, chequers_ecumenical_altar_simple_redux, uniq_ijyb
D:4:      minivault_19
D:6:      grunt_temple_overflow_bloody_war, minmay_temple_entry_from_below_a,
          serial_shops, shop, shop, nicolae_shop_behind_doors, shop_fountains,
          kennysheep_generic_room_9
D:8:      vehumet_statue, minmay_lair_entry_lava, fountainhead, the_bakery,
          uniq_prince_ribbit1

Skill      XL: |  1  2  3  4  5  6  7  8  9 10 |
---------------+-------------------------------+-----
Shields        | 4 5 6 8 9 |  9.0
Maces & Flails | 3 4 5 6 8 |  8.0
Fighting       | 4 5 6 7 |  7.5
Armour         | 4 5 6 7 |  7.5

Action                   |  1- 3 |  4- 6 |  7- 9 | 10-12 || total
-------------------------+-------+-------+-------+-------++-------
Melee: Flail             |   119 |    10 |       |       ||   129
       Club              |       |   106 |   449 |    34 ||   589
       Dire flail        |       |       |       |    20 ||    20
  Use: Scroll            |       |       |     4 |     3 ||     7
       Potion            |       |       |     2 |       ||     2
  Eat: Chunk             |       |     6 |    11 |     3 ||    20
       Ration            |       |       |     2 |       ||     2
Armor: Scale mail        |    84 |    69 |    22 |       ||   175
       Chain mail        |       |       |   121 |     5 ||   126
       Plate armour      |       |       |       |     4 ||     4
Dodge: Dodged            |    86 |    50 |   146 |    14 ||   296
Block: Shield            |   130 |    74 |   284 |    25 ||   513

Table legend:
 A = Spawn XP
 B = Non-spawn XP
 C = Spawn XP percentage of total XP
 D = Spawn monster count
 E = Non-spawn monster count
 F = Spawn count percentage of total count
 G = Total turns spent on level
                    A         B        C        D         E        F      G
               +---------+---------+-------+---------+---------+-------+---------
         Total |       0 |    4464 |   0.0 |       0 |     175 |   0.0 |  7662
               +---------+---------+-------+---------+---------+-------+---------
           D:1 |       0 |      61 |   0.0 |       0 |      30 |   0.0 |   797
           D:2 |       0 |      60 |   0.0 |       0 |      13 |   0.0 |   756
           D:3 |       0 |      80 |   0.0 |       0 |      20 |   0.0 |   992
           D:4 |       0 |     457 |   0.0 |       0 |      20 |   0.0 |   654
           D:5 |       0 |     396 |   0.0 |       0 |      16 |   0.0 |  1210
           D:6 |       0 |     743 |   0.0 |       0 |      19 |   0.0 |  1005
           D:7 |       0 |    1777 |   0.0 |       0 |      37 |   0.0 |  1306
           D:8 |       0 |     890 |   0.0 |       0 |      20 |   0.0 |   942
               +---------+---------+-------+---------+---------+-------+---------
